 Dungeon Crawl Stone Soup version 0.30-b1-2-g02819fbbbe (webtiles) character file.

Game seed: 17433211243092727971

52971 LLlMATKO the Spry (level 14, -1/198 HPs)
             Began as a Minotaur Berserker on Nov 11, 2023.
             Was a High Priest of Trog.
             Slain by a ten-headed hydra (10 damage)
             ... on level 13 of the Dungeon.
             The game lasted 00:19:41 (18248 turns).

LLlMATKO the Spry (Minotaur Berserker)             Turns: 18248, Time: 00:19:42

Health: -1/198     AC: 18    Str: 27    XL:     14   Next: 29%
Magic:  13/13      EV: 14    Int:  2    God:    Trog [*****.]
Gold:   1702       SH: 18    Dex: 10    Spells: 13/13 levels left

rFire   + + .        s - +2 broad axe (heavy)
rCold   x . .        U - +1 tower shield
rNeg    . . .        Q - +0 fire dragon scales
rPois   +            (helmet restricted)
rElec   .            (no cloak)
rCorr   .            V - +2 pair of gloves
SInv    .            S - +0 pair of boots
Will    +....        W - amulet of regeneration Stlth
                     w - ring of poison resistance
HPRegen 1.33/turn    D - ring of flight
MPRegen 0.13/turn

%: no passive effects
@: berserking, flying, studying 2 skills, very quick
A: horns 2, retaliatory headbutt, dopey 1
a: Renounce Religion, Berserk, Trog's Hand, Brothers in Arms


You were on level 13 of the Dungeon.
You worshipped Trog.
Trog was extremely pleased with you.
You visited 2 branches of the dungeon, and saw 18 of its levels.
You also visited: Volcano.

You collected 1923 gold pieces.
You spent 221 gold pieces at shops.

Inventory:

Hand Weapons
 a - a +2 broad axe of flaming
 s - a +2 heavy broad axe (weapon)
Missiles
 o - 2 throwing nets
 y - 49 poisoned darts (quivered)
 H - 11 curare-tipped darts
Armour
 Q - +0 fire dragon scales (worn)
 S - a +0 pair of boots (worn)
 U - a +1 tower shield (worn)
 V - a +2 pair of gloves (worn)
Jewellery
 e - a ring of protection from cold
 w - a ring of poison resistance (left hand)
 x - a ring of willpower
 A - a ring of fire
 D - a ring of flight (right hand)
 P - a +6 ring of intelligence
 W - an amulet of regeneration (around neck)
Wands
 g - a wand of flame (23)
 G - a wand of paralysis (23)
 I - a wand of roots (22)
 J - a wand of quicksilver (17)
 T - a wand of polymorph (2)
 X - a wand of digging (6)
Scrolls
 b - 3 scrolls of brand weapon
 c - a scroll of fear
 d - 24 scrolls of identify
 f - 3 scrolls of noise
 m - 7 scrolls of teleportation
 q - 2 scrolls of enchant armour
 r - 3 scrolls of enchant weapon
 u - 3 scrolls of vulnerability
 C - 5 scrolls of blinking
 F - 2 scrolls of magic mapping
 K - 2 scrolls of immolation {unknown}
 N - a scroll of fog {unknown}
Potions
 h - 4 potions of brilliance {unknown}
 i - 5 potions of degeneration {unknown}
 j - 4 potions of haste {unknown}
 k - 10 potions of curing {unknown}
 l - 2 potions of magic {unknown}
 n - 7 potions of heal wounds {unknown}
 p - 3 potions of ambrosia {unknown}
 t - 3 potions of flight {unknown}
 v - 3 potions of resistance {unknown}
 z - a potion of cancellation {unknown}
 B - 4 potions of attraction {unknown}
 M - a potion of invisibility {unknown}
 O - 3 potions of mutation {unknown}
 R - 6 potions of might {unknown}


   Skills:
 + Level 14.0 Fighting
 + Level 14.0 Axes
 + Level 15.3 Armour
 + Level 16.2 Dodging
 + Level 13.6 Shields


You had 13 spell levels left.
You didn't know any spells.
Your spell library was empty.

Dungeon Overview and Level Annotations

Branches:
Dungeon (13/15)            Temple (0/1) D:6            Lair (5/5) D:11
  Swamp (0/4) Lair:3       Spider (0/4) Lair:3        Slime (0/5) Lair:5
    Orc (0/2) D:12        Volcano (visited)
 Vaults: D:13-14

Altars:
Kikubaaqudgha
Ru
Trog
Vehumet
Xom
Zin
Jiyva

Shops:
D:4 (   D:7 *


Innate Abilities, Weirdness & Mutations

You have a pair of horns on your head.
You reflexively headbutt those who attack you in melee.
You are dopey. (Int -2)


Message History

You headbutt the ten-headed hydra.
The ten-headed hydra is severely wounded.
The ten-headed hydra bites you but does no damage.
The ten-headed hydra bites you.
You block the ten-headed hydra's attack. x4
The ten-headed hydra bites you but does no damage.
The ten-headed hydra bites you! The ten-headed hydra barely misses you.
The ten-headed hydra bites you!
* * * LOW HITPOINT WARNING * * *
You hit the ten-headed hydra but do no damage.
The ten-headed hydra is severely wounded.
The ten-headed hydra misses you. You furiously retaliate!
You headbutt the ten-headed hydra!
The ten-headed hydra closely misses you.
You block the ten-headed hydra's attack. x3
The ten-headed hydra bites you but does no damage.
The ten-headed hydra bites you.
* * * LOW HITPOINT WARNING * * *
The ten-headed hydra bites you but does no damage.
The ten-headed hydra bites you.
* * * LOW HITPOINT WARNING * * *
The ten-headed hydra bites you but does no damage. x2
You block the ten-headed hydra's attack.
The ten-headed hydra bites you!
* * * LOW HITPOINT WARNING * * *
The ten-headed hydra bites you.
* * * LOW HITPOINT WARNING * * *
The ten-headed hydra barely misses you.
The ten-headed hydra closely misses you.
The ten-headed hydra bites you!
* * * LOW HITPOINT WARNING * * *
The ten-headed hydra barely misses you. The ten-headed hydra misses you.
The ten-headed hydra barely misses you.
Unknown command.
Unknown command.
A red film seems to cover your vision as you go berserk!
You feel yourself moving faster!
You feel mighty!
The ten-headed hydra bites you but does no damage.
The ten-headed hydra barely misses you. The ten-headed hydra bites you!
You die...

#.. +... #...
###...#########
............<.#
..............#
.......<......+
..............#
........@.....#
####+###.D##+##
#...# #...#
#...# #...#
#...# #####


You could see a ten-headed hydra.

Vanquished Creatures
  Josephine (Lair:3)
  3 hydras
  The ghost of MrClown the Thaumaturge, a journeyman DsNe of Kikubaaqudgha (D:12)
  A merfolk avatar (Lair:5)
  2 boulder beetles
  A catoblepas (Lair:5)
  6 two-headed ogres
  3 death yaks (Lair:5)
  Nergalle (D:12)
  3 skysharks
  Sonja (D:10)
  A hell knight (Volcano)
  Lodul (D:11)
  2 sea snakes (Lair:5)
  A harpy (Lair:5)
  A deep elf pyromancer (D:12)
  2 wolf spiders (Lair:3)
  2 ugly things
  4 cyclopes
  4 manticores
  4 elephants (Lair:5)
  6 slime creatures (D:12)
  A smoke demon (Volcano)
  2 molten gargoyles (Volcano)
  An eye of devastation (Lair:5)
  A torpor snail (Lair:4)
  3 black mambas
  12 cane toads
  2 kobold demonologists (D:12)
  A gargoyle (D:9)
  10 komodo dragons
  2 unseen horrors
  An efreet (D:8)
  2 rime drakes
  2 red devils (Volcano)
  2 burning bushes (Lair:5)
  3 polar bears (Lair:5)
  A wind drake (Lair:5)
  A troll (D:8)
  5 blink frogs
  Grinder (D:3)
  A culicivora (Lair:3)
  2 shadows (D:11)
  24 yaks
  2 fire bats (Volcano)
  7 wraiths
  5 wyverns
  2 basilisks (Lair:3)
  3 vampire mosquitoes (D:11)
  4 steam dragons
  2 swamp worms (Lair:3)
  A hell hound (Volcano)
  9 water moccasins
  A floating eye (Lair:5)
  A sky beast (D:8)
  3 orc warriors
  The ghost of othur the Shield-Bearer, an amateur GnFi (D:3)
  9 ogres
  3 ice beasts
  A black bear (Lair:1)
  8 wolves
  7 centaurs
  6 kobold brigands
  A phantom (D:5)
  3 gnoll sergeants
  15 bullfrogs
  2 scorpions
  4 wights (D:9)
  5 killer bees (D:9)
  4 howler monkeys
  8 lava snakes (Volcano)
  2 jellies (D:7)
  4 hounds
  3 orc priests
  4 sleepcaps
  A gnoll bouda (D:4)
  Jessica (D:2)
  Terence (D:3)
  2 iguanas
  13 orc wizards
  7 adders
  22 gnolls
  3 white imps
  A shadow imp (D:7)
  2 ufetubi
  A dart slug (D:2)
  36 orcs
  7 ball pythons
  2 endoplasms
  4 giant cockroaches
  7 goblins
  5 hobgoblins
  4 quokkas
  3 bats
  5 frilled lizards
  25 kobolds
  5 rats
418 creatures vanquished.

Vanquished Creatures (collateral kills)
  8 yaks (D:10)
8 creatures vanquished.

Vanquished Creatures (others)
  A wizard (D:7)
  18 fungi
  57 plants
  3 toadstools (D:6)
  2 withered plants (D:12)
81 creatures vanquished.

Grand Total: 507 creatures vanquished

Notes
Turn   | Place    | Note
-------+----------+-------------------------------------------
     0 | D:1      | LLlMATKO the Minotaur Berserker began the quest for the
                  | Orb.
     0 | D:1      | Reached XP level 1. HP: 19/19 MP: 0/0
   133 | D:1      | Reached XP level 2. HP: 27/27 MP: 1/1
   424 | D:1      | Reached skill level 1 in Shields
   727 | D:2      | Noticed Jessica
   732 | D:2      | Reached ** piety under Trog
   733 | D:2      | Reached XP level 3. HP: 33/33 MP: 2/2
   742 | D:2      | Killed Jessica
   787 | D:2      | Reached XP level 4. HP: 40/40 MP: 3/3
   873 | D:2      | Identified the +0 rapier of Karma {heavy, rC+ Int-4 Dex+2}
   924 | D:2      | Reached skill level 3 in Dodging
  1381 | D:3      | Noticed Terence
  1385 | D:3      | Killed Terence
  1386 | D:3      | Reached XP level 5. HP: 47/47 MP: 4/4
  1459 | D:3      | Noticed Grinder
  1462 | D:3      | Paralysed by Grinder for 2 turns
  1469 | D:3      | Paralysed by Grinder for 2 turns
  1476 | D:3      | Killed Grinder
  1477 | D:3      | Reached skill level 5 in Fighting
  1477 | D:3      | Reached skill level 5 in Axes
  1477 | D:3      | Reached XP level 6. HP: 29/56 MP: 5/5
  1609 | D:3      | Found a faded altar of an unknown god.
  1747 | D:3      | Found a runed translucent gate.
  1747 | D:3      | Found a runed translucent gate.
  1747 | D:3      | Found a runed translucent gate.
  1748 | D:3      | Noticed othur's ghost (amateur GnFi)
  2106 | D:4      | Found Gacupse's Antique Weapon Emporium.
  2219 | D:4      | Reached skill level 4 in Dodging
  2832 | D:4      | Reached XP level 7. HP: 54/61 MP: 6/6
  3106 | D:4      | Bought a runed war axe for 221 gold pieces
  3154 | D:5      | Entered Level 5 of the Dungeon
  3245 | D:5      | Identified the +5 dagger of the Healing Viper {freeze, rC+
                  | rCorr SInv Stlth+}
  3363 | D:5      | Found a sacrificial altar of Ru.
  3368 | D:5      | Reached *** piety under Trog
  3405 | D:5      | Reached skill level 5 in Armour
  3701 | D:5      | Reached skill level 5 in Dodging
  4003 | D:5      | Noticed a two-headed ogre
  4008 | D:5      | Reached XP level 8. HP: 41/70 MP: 7/7
  4009 | D:5      | Killed a two-headed ogre
  4010 | D:5      | Reached skill level 5 in Shields
  4282 | D:6      | Reached skill level 6 in Dodging
  4664 | D:6      | Found a staircase to the Ecumenical Temple.
  4722 | D:6      | Reached XP level 9. HP: 79/79 MP: 8/8
  4878 | D:6      | Identified the +1 flail "Zamohi Icko" {flame, Dex+3}
  5412 | D:7      | Found a bloodstained altar of Trog.
  5413 | D:7      | Noticed a wizard
  5419 | D:7      | Killed a wizard
  5578 | D:7      | Found Igyal's General Store.
  6120 | D:8      | Reached **** piety under Trog
  6193 | D:8      | Found a radiant altar of Vehumet.
  6244 | D:8      | Noticed an efreet
  6255 | D:8      | Killed an efreet
  6256 | D:8      | Reached skill level 7 in Dodging
  6414 | D:8      | Noticed a troll
  6429 | D:8      | Killed a troll
  6605 | D:8      | Noticed a two-headed ogre
  6612 | D:8      | Killed a two-headed ogre
  6613 | D:8      | Reached XP level 10. HP: 90/90 MP: 9/9
  6703 | D:8      | Reached skill level 8 in Dodging
  7428 | D:9      | Found a glowing silver altar of Zin.
  7473 | D:9      | Noticed a two-headed ogre
  7486 | D:9      | Killed a two-headed ogre
  7736 | D:9      | Noticed a two-headed ogre
  7744 | D:9      | Killed a two-headed ogre
  7745 | D:9      | Reached skill level 9 in Dodging
  8056 | D:9      | Found an ancient bone altar of Kikubaaqudgha.
  8398 | D:9      | Noticed a gargoyle
  8401 | D:9      | Killed a gargoyle
  8509 | D:10     | Entered Level 10 of the Dungeon
  8587 | D:10     | Reached ***** piety under Trog
  8643 | D:10     | Noticed Sonja
  8649 | D:10     | Noticed a two-headed ogre
  8660 | D:10     | Killed a two-headed ogre
  8661 | D:10     | Reached XP level 11. HP: 28/99 MP: 10/10
  8662 | D:10     | Killed Sonja
  8663 | D:10     | Reached skill level 10 in Dodging
  8664 | D:10     | Reached skill level 10 in Fighting
  8664 | D:10     | Reached skill level 10 in Axes
  9023 | D:10     | Found a shimmering altar of Xom.
  9047 | D:10     | Reached skill level 10 in Armour
  9699 | D:11     | Noticed a boulder beetle
  9711 | D:11     | Killed a boulder beetle
  9712 | D:11     | Reached skill level 11 in Dodging
  9828 | D:11     | Found a staircase to the Lair.
  9852 | D:11     | Noticed Lodul
  9862 | D:11     | Killed Lodul
  9863 | D:11     | Reached skill level 10 in Shields
 10414 | Lair:1   | Entered Level 1 of the Lair of Beasts
 10711 | Lair:1   | Reached skill level 12 in Dodging
 10784 | Lair:1   | Reached XP level 12. HP: 110/110 MP: 11/11
 10927 | Lair:1   | You are sucked into a shaft and drop 1 floor!
 12450 | Lair:3   | Noticed Josephine
 12462 | Lair:3   | Killed Josephine
 12639 | Lair:3   | Reached skill level 13 in Dodging
 12658 | Lair:3   | Noticed a seven-headed hydra
 12671 | Lair:3   | Killed a seven-headed hydra
 13242 | Lair:3   | Found a staircase to the Swamp.
 13750 | Lair:3   | Found a hole to the Spider Nest.
 14193 | Lair:4   | Identified a scroll of acquirement
 14193 | Lair:4   | Acquired a manual of Armour
 14214 | Lair:4   | Reached XP level 13. HP: 116/119 MP: 12/12
 14230 | Lair:4   | Received a gift from Trog
 14231 | Lair:4   | Reached skill level 14 in Dodging
 14258 | Lair:4   | Found a runed translucent door.
 14277 | Lair:4   | Found a dark tunnel.
 14285 | Volcano  | Entered a volcano
 14593 | Volcano  | Found a radiant altar of Vehumet.
 15573 | Lair:5   | Entered Level 5 of the Lair of Beasts
 16160 | Lair:5   | Reached skill level 15 in Dodging
 16321 | Lair:5   | Found a viscous altar of Jiyva.
 16321 | Lair:5   | Found a staircase to the Slime Pits.
 16671 | Lair:5   | Identified the +9 great sword "Pagilus" {freeze, rElec
                  | rPois rF++ Str-2}
 16679 | Lair:5   | Identified the +0 trident of Blood {heavy, rElec rCorr}
 16854 | Lair:5   | Reached XP level 14. HP: 118/130 MP: 13/13
 17081 | D:12     | Noticed MrClown's ghost (journeyman DsNe)
 17081 | D:12     | Found a runed translucent door.
 17304 | D:3      | Killed othur's ghost
 17576 | D:12     | Noticed Nergalle
 17584 | D:12     | Killed Nergalle
 17671 | D:12     | Found a staircase to the Orcish Mines.
 17818 | D:12     | Reached skill level 15 in Armour
 17823 | D:12     | Gained mutation: You are dopey. (Int -2) [a neqoxec]
 17827 | D:12     | Reached skill level 16 in Dodging
 17948 | D:12     | Reached ****** piety under Trog
 18199 | D:12     | Killed MrClown's ghost
 18247 | D:13     | HP: 5/132 [ten-headed hydra (9)]
 18248 | D:13     | Slain by a ten-headed hydra

Illustrated notes

Levels and vault maps discovered:
D:1:      wander_arrival_estate, layout_basic, chequers_serial_rivers_micro_c
D:2:      layout_rooms, uniq_jessica
D:3:      layout_basic, chequers_ecumenical_altar_simple,
          ebering_ghost_rock_garden, uniq_terence, uniq_grinder
D:4:      corexii_shack_village, layout_rooms, serial_shops,
          nicolae_shop_just_a_little_nook
D:5:      layout_basic, nicolae_ru_great_annihilating_truth,
          kennysheep_another_room, minmay_pentangle
D:6:      layout_gridville, minmay_temple_entry_statues_pillars,
          minmay_gold_behind_fungi
D:7:      layout_cave_pods, trog_wizard, serial_shops, shop,
          chequers_decorated_corner, grunt_ministairs_4
D:8:      layout_basic, nicolae_overflow_crystal_walls,
          minmay_manual_mandibuliform
D:9:      layout_loops_corners, kiku_gazebo_garden_becter,
          mainiacjoe_overflow_brackets, patterned_corridor
D:10:     layout_cave_pools, brannock_xom_greatest_gift, uniq_sonja
D:11:     layout_roguey, lair_entry_dummy, uniq_lodul
D:12:     layout_rooms, orc_0_dummy, gammafunk_ghost_grave,
          minmay_fractal_squares_gapless_5, uniq_nergalle
D:13:     minmay_blocking_statues, layout_grid_maze, uniq_snorg, uniq_erolcha
Lair:1:   layout_cave_pods, serial_forest, infiniplex_forest_lined_room_,
          infiniplex_forest_straight_4, infiniplex_forest_lined_room_2,
          infiniplex_forest_straight_5, infiniplex_forest_clump_medium,
          infiniplex_forest_straight_2, infiniplex_forest_join,
          infiniplex_forest_clump_small, infiniplex_forest_straight_3,
          pdpol_lair_neglected_garden
Lair:2:   layout_cave_pods
Lair:3:   layout_loops_ring, minmay_swamp_entry_worms,
          spider_nest_entry_funnel_web, beast_lair_carwin_5,
          serial_bayou_shore_a, uniq_josephine
Lair:4:   layout_regular_city, lightli_volcano_entry_magma_tube,
          pf_torpor_hydra, lemuel_fruit_tree
Lair:5:   gammafunk_lair_ancient_temple, layout_long_grid,
          minmay_slime_entry_eyes, evilmike_ambush
          [evilmike_ambush_outer_pillars, evilmike_ambush_inner_basic]

Skill      XL: |  1  2  3  4  5  6  7  8  9 10 11 12 13 14 |
---------------+-------------------------------------------+-----
Shields        | 1 2 3 4 6 7 9 10 11 13 | 13.6
Fighting       | 4 5 6 7 8 9 11 12 13 14 | 14.0
Axes           | 4 5 6 7 8 9 11 12 13 14 | 14.0
Armour         | 3 4 5 6 8 9 10 12 14 15 | 15.3
Dodging        | 3 4 5 6 7 9 12 13 15 16 | 16.2

Action                     |  1- 3 |  4- 6 |  7- 9 | 10-12 | 13-15 || total
---------------------------+-------+-------+-------+-------+-------++-------
  Melee: Hand axe          |    65 |    97 |    19 |    10 |    86 ||   277
         Headbutt          |     6 |    16 |    26 |    98 |    99 ||   245
         Punch             |       |     1 |     1 |       |       ||     2
         War axe           |       |       |   164 |   421 |       ||   585
         Whip              |       |       |       |     7 |       ||     7
         Broad axe         |       |       |       |       |   299 ||   299
  Throw: Dart              |       |       |       |     9 |       ||     9
         Throwing net      |       |       |       |     1 |       ||     1
 Invoke: Berserk           |     1 |     3 |     6 |     7 |     7 ||    24
         Trog's Hand       |       |       |     1 |     2 |       ||     3
         Brothers in Arms  |       |       |       |     1 |       ||     1
    Use: Scroll            |       |       |       |    15 |     1 ||    16
   Stab: Paralysed         |       |       |     1 |       |       ||     1
         Petrified         |       |       |       |       |     2 ||     2
 Armour: Animal skin       |     2 |       |       |       |       ||     2
         Chain mail        |    23 |    43 |    85 |     6 |       ||   157
         Fire dragon scale |       |       |       |   178 |   125 ||   303
  Dodge: Dodged            |    33 |    42 |    85 |   195 |   182 ||   537
  Block: Tower shield      |       |       |       |   305 |   346 ||   651
